 Dungeon Crawl Stone Soup version 0.13-a0-1502-g99810c3 (webtiles) character file.

109 Kae the Vexing (level 3, 0/16 HPs)
             Began as a Spriggan Enchanter on June 9, 2013.
             Slain by a kobold
             ... wielding a +0,+0 whip
              (3 damage)
             ... on Level 2 of the Dungeon.
             The game lasted 00:01:32 (1723 turns).

Kae the Vexing (Spriggan Enchanter)                 Turns: 1723, Time: 00:01:32

HP   0/16        AC  3     Str  5      XL: 3   Next: 69%
MP   6/9         EV 18     Int 16      God:
Gold 53          SH  0     Dex 16      Spells:  2 memorised,  3 levels left

Res.Fire  : . . .   See Invis. : +   a - +1 dagger {=f}
Res.Cold  : . . .   Warding    : .   b - +1 robe
Life Prot.: . . .   Conserve   : .   (shield restricted)
Res.Poison: .       Res.Corr.  : .   (helmet restricted)
Res.Elec. : .       Clarity    : .   (no cloak)
Sust.Abil.: . .     Spirit.Shd : .   (gloves unavailable)
Res.Mut.  : .       Stasis     : .   (boots unavailable)
Res.Rott. : .       Flight     : .   (no amulet)
Saprovore : . . .                    (no ring)
                                     (no ring)

@: very quick, slightly resistant to hostile enchantments, stealthy
A: unfitting armour, see invisible, herbivore 3, speed 3, slow metabolism 2
a: no special abilities


You were on level 2 of the Dungeon.
You were not hungry.

You visited 1 branch of the dungeon, and saw 2 of its levels.

You collected 33 gold pieces.

Inventory:

Hand weapons
 a - a +1,+1 dagger (weapon) {=f}
Missiles
 d - 12 darts (quivered)
Armour
 b - a +1 robe (worn)
Comestibles
 o - a bread ration
 q - 12 grapes
Scrolls
 f - a scroll of teleportation {unknown}
 h - 2 scrolls of identify {unknown}
 i - 2 scrolls of curse jewellery {unknown}
 j - 2 scrolls of enchant armour {unknown}
 k - a scroll of fear {unknown}
 l - a scroll of blinking {unknown}
 p - a scroll of recharging {unknown}
Jewellery
 n - an uncursed ring of magical power {unknown}
Potions
 e - a potion of porridge
 g - 3 potions of curing {unknown}
 m - 2 potions of paralysis {unknown}
Books
 c - a book of Maledictions

   Spells                             Type                      Level
   *Corona                            Hexes                        1
   Sure Blade                         Hexes/Charms                 2
   *Ensorcelled Hibernation           Hexes/Ice                    2
   Confuse                            Hexes                        3
   Enslavement                        Hexes                        4
   Invisibility                       Hexes                        6


   Skills:
 * Level 2.9 Short Blades
 - Level 1.1 Throwing
 - Level 3.0 Dodging
 + Level 3.7 Stealth
 + Level 2.2 Spellcasting
 + Level 4.0 Hexes


You had 3 spell levels left.
You knew the following spells:

 Your Spells              Type           Power        Failure   Level  Hunger
a - Corona                Hex            ##.....      4%          1    #......
b - Ensorcelled Hibernat  Hex/Ice        #.....       14%         2    ##.....


Dungeon Overview and Level Annotations

Branches:
Dungeon (2/27)

Altars:


Innate Abilities, Weirdness & Mutations

You are tiny and cannot use many weapons and most armour.
You have supernaturally acute eyesight.
You are a herbivore.
You cover ground extremely quickly.
You need consume almost no food.


Message History

The kobold looks drowsy...
The kobold shouts!
Casting: Ensorcelled Hibernation
Confirm with . or Enter, or press ? or * to list all spells.
You don't know that spell.
You barely miss the kobold. The kobold completely misses you.
You closely miss the kobold. The kobold barely misses you.
You barely miss the kobold. The kobold hits you but does no damage.
You hit the kobold.
The kobold is heavily wounded.
You hit the kobold but do no damage.
The kobold is heavily wounded.
The kobold closely misses you.
You barely miss the kobold.
The kobold is heavily wounded.
The kobold completely misses you.
You hit the kobold but do no damage.
The kobold is heavily wounded.
The kobold hits you with a whip.
You die...

..# ... ..####.
#..... #.... # #..# #
# #####..##...# #
########(..(.....#
#########
#.....@K.###.........
........# #.########
#..##.... #######.#
#.# #..# .!.
#######.###.# #... .
.......#....# #.##.
.######.##### #.# .#
.######.#### #.. .
...........# ###
.######.##.#


You could see a kobold.

Vanquished Creatures
  An adder (D:2)
  2 giant geckos
  An ooze (D:1)
  2 bats (D:1)
  2 giant cockroaches
  11 goblins
  8 hobgoblins
  2 quokkas (D:2)
  2 giant newts (D:1)
  4 kobolds
  4 rats (D:1)
39 creatures vanquished.

Notes
Turn   | Place    | Note
--------------------------------------------------------------
     0 | D:1      | Kae, the Spriggan Enchanter, began the quest for the Orb.
     0 | D:1      | Reached XP level 1. HP: 9/9 MP: 4/4
   253 | D:1      | Reached XP level 2. HP: 13/13 MP: 6/6
   288 | D:1      | Learned a level 2 spell: Ensorcelled Hibernation
  1008 | D:1      | Reached XP level 3. HP: 11/16 MP: 9/9
  1641 | D:2      | Reached skill level 4 in Hexes
  1723 | D:2      | Slain by a kobold

Action                   || total
-------------------------++-------
Melee: Dagger            ||   153
 Cast: Ensorcelled Hiber ||     5
 Stab: Sleeping          ||     8
